 Dungeon Crawl Stone Soup version 0.29-a0-581-ge9a90b782e (webtiles) character file.

Game seed: 18443245276551995420

317 Lekart the Slasher (level 6, 0/53 HPs)
             Began as a Draconian Monk on June 14, 2022.
             Slain by Pikel
             ... wielding a +0 whip of freezing
              (5 damage)
             ... on level 4 of the Dungeon.
             The game lasted 00:03:05 (2832 turns).

Lekart the Slasher (Draconian Monk)                 Turns: 2832, Time: 00:03:06

Health: 0/53       AC:  7    Str: 13    XL:     6   Next: 20%
Magic:  6/6        EV: 13    Int: 11    God:
Gold:   131        SH:  0    Dex: 15    Spells: 5/5 levels left

rFire   . . .      SeeInvis .   a - +0 falchion
rCold   . . .      Faith    .   (no shield)
rNeg    . . .      Spirit   .   (body armour unavailable)
rPois   .          Reflect  .   (helmet restricted)
rElec   .          Harm     .   h - +0 cloak
rCorr   .          Rampage  .   (no gloves)
Will    .....                   (no boots)
Stlth   ++........              (no amulet)
HPRegen 0.17/turn               d - +4 ring of slaying
MPRegen 0.10/turn               (no ring)

@: slowed, very slow
A: AC +6, unfitting armour, cold-blooded
a: no special abilities


You were on level 4 of the Dungeon.
You visited 1 branch of the dungeon, and saw 4 of its levels.

You collected 131 gold pieces.

Inventory:

Hand Weapons
 a - a +0 falchion (weapon)
 b - a +2 dagger of chaos
Missiles
 n - a throwing net (quivered)
Armour
 h - a +0 cloak (worn)
Jewellery
 d - a +4 ring of slaying (left hand)
 f - a ring of positive energy
 j - an amulet of regeneration
 o - a ring of see invisible
Scrolls
 g - a scroll of blinking {unknown}
 m - 2 scrolls of identify {unknown}
Potions
 c - 2 potions of curing
 e - 3 potions of attraction {unknown}
 i - a potion of brilliance {unknown}
 k - a potion of might {unknown}
 l - a potion of cancellation {unknown}


   Skills:
 + Level 4.7 Fighting
 + Level 5.4 Long Blades
 + Level 3.8 Dodging
 - Level 1.9 Stealth


You had 5 spell levels left.
You didn't know any spells.
Your spell library contained the following spells:

 Spells                   Type           Power      Damage    Failure   Level
 Conjure Flame            Conj/Fire      0%         6-21      71%         3
 Ignite Poison            Fire/Tmut/Pois 0%         N/A       71%         3
 Sticky Flame             Conj/Fire      0%         2d3       98%         4


Dungeon Overview and Level Annotations

Branches:
Dungeon (4/15)
 Temple: D:4-7

Altars:
Gozag
Xom

Annotations:
D:4 Pikel


Innate Abilities, Weirdness & Mutations

Your plain brown scales are hard. (AC +6)
You cannot fit into any form of body armour.
You are cold-blooded and may be slowed by cold attacks.


Message History

Pikel freezes you. The lemure closely misses you. The lemure hits you. x2
You are too injured to fight recklessly!
Sorry, you're not good enough to have a special ability.
Pikel attacks as you move away! Pikel barely misses you.
The lemure hits you but does no damage. x2
Pikel attacks as you move away! Pikel completely misses you.
Pikel attacks as you move away! Pikel closely misses you.
Pikel attacks as you move away!
Pikel hits you with a +0 whip of freezing.
You feel yourself slow down. Pikel freezes you.
You feel yourself speed up.
The endoplasm jiggles.
Pikel attacks as you move away! Pikel misses you.
Pikel attacks as you move away!
Pikel hits you with a +0 whip of freezing!
* * * LOW HITPOINT WARNING * * *
Pikel freezes you.
* * * LOW HITPOINT WARNING * * *
Pikel attacks as you move away!
Pikel hits you with a +0 whip of freezing.
* * * LOW HITPOINT WARNING * * *
You feel yourself slow down. Pikel freezes you.
* * * LOW HITPOINT WARNING * * *
You feel yourself speed up.
Pikel hits you with a +0 whip of freezing.
* * * LOW HITPOINT WARNING * * *
You feel yourself slow down. Pikel freezes you.
* * * LOW HITPOINT WARNING * * *
Pikel attacks as you move away! Pikel barely misses you.
Okay, then.
It was a potion of curing.
You feel better.
You feel yourself speed up. The lemure hits you.
* * * LOW HITPOINT WARNING * * *
Pikel hits you with a +0 whip of freezing.
* * * LOW HITPOINT WARNING * * *
You feel yourself slow down. Pikel freezes you.
* * * LOW HITPOINT WARNING * * *
Pikel hits you with a +0 whip of freezing.
You die...

#....# #.........#
#....#############.........###
#....#........................
#....#......###...#...........
#....#............#........###
#.............................
#.......###....>..............
#.......'.....K.5............#
#.......##...@5.5.......#.....
#.......<.....5J........#.....
###.....##...†..........#.....
#........##.....##...##.....
#........##÷....##...##.....
###......##.[...###'###.....
#......##............###.#
#......##............#
.......##............#


You could see Pikel, 4 lemures and an endoplasm.

Vanquished Creatures
  A scorpion (D:4)
  4 crimson imps (D:3)
  Terence (D:2)
  2 adders (D:2)
  A worm (D:2)
  2 dart slugs
  4 orcs (D:3)
  10 endoplasms
  4 giant cockroaches
  4 goblins (D:1)
  4 hobgoblins
  5 jackals (D:4)
  4 quokkas
  4 ball pythons
  5 bats
  3 frilled lizards
  6 kobolds
  6 rats
70 creatures vanquished.

Notes
Turn   | Place    | Note
-------+----------+-------------------------------------------
     0 | D:1      | Lekart the Draconian Monk began the quest for the Orb.
     0 | D:1      | Reached XP level 1. HP: 19/19 MP: 1/1
    89 | D:1      | Reached XP level 2. HP: 19/26 MP: 2/2
   979 | D:1      | Found a faded altar of an unknown god.
  1011 | D:2      | Reached XP level 3. HP: 25/33 MP: 3/3
  1120 | D:2      | Noticed Terence
  1129 | D:2      | Killed Terence
  1272 | D:2      | Reached XP level 4. HP: 34/40 MP: 4/4
  1357 | D:2      | Found an opulent altar of Gozag.
  1532 | D:2      | Reached skill level 4 in Long Blades
  1804 | D:3      | Found a shimmering altar of Xom.
  1853 | D:3      | Reached XP level 5. HP: 26/47 MP: 5/5
  1870 | D:3      | Reached skill level 5 in Long Blades
  2509 | D:3      | Identified the +0 ring mail of the Harvest Moon {Will++
                  | Regen+ MP-9}
  2629 | D:4      | Reached XP level 6. HP: 45/53 MP: 6/6
  2794 | D:4      | Noticed Pikel
  2830 | D:4      | HP: 1/53 [Pikel/+0 whip of freezing (2)]
  2832 | D:4      | Slain by Pikel

Illustrated notes

Levels and vault maps discovered:
D:1:      erik_arrival_blinker_ship, layout_basic,
          shapermc_ecumenical_altar_acropolis
D:2:      layout_basic, basic_altar, nrook_loot_triangle, uniq_terence
D:3:      layout_rooms, led_xom_imps
D:4:      layout_basic, tso_oasis_becter, grunt_temple_overflow_octagram,
          uniq_pikel

Skill      XL: |  1  2  3  4  5 |
---------------+----------------+-----
Dodging        | 3 |  3.8
Fighting       | 4 |  4.7
Long Blades    | 4 5 |  5.4
Stealth        | |  1.9

Action                   |  1- 3 |  4- 6 || total
-------------------------+-------+-------++-------
Melee: Falchion          |    72 |   120 ||   192
       Tailslap          |     9 |    13 ||    22
       Punch             |       |     2 ||     2
  Use: Potion            |       |     2 ||     2
       Scroll            |       |     1 ||     1
 Stab: Sleeping          |     5 |     3 ||     8
       Invisible         |       |     1 ||     1
Armor: Skin              |    16 |    41 ||    57
Dodge: Dodged            |    47 |   127 ||   174

Table legend: (Time is in decaauts)
 A = Elapsed time spent in this place.
 B = Non-inter-level travel time spent in this place.
 C = Inter-level travel time spent in this place.
 D = Time resting spent in this place.
 E = Time spent auto-exploring this place.
 F = Levels seen in this place.
 G = Mean time per level.
                   A        B        C        D        E       F      G
               +--------+--------+--------+--------+--------+-----+--------+
         Total |   2860 |   2801 |     59 |    177 |   2080 |   4 |  715.0 |
       Dungeon |   2860 |   2801 |     59 |    177 |   2080 |   4 |  715.0 |
               +--------+--------+--------+--------+--------+-----+--------+

Top non-repeatable levels by time:
     D:1: 1000 daAuts
     D:3: 952 daAuts
     D:2: 644 daAuts
     D:4: 262 daAuts
